 Dungeon Crawl Stone Soup version 0.23.2-33-g5129a83184 (webtiles) character file.

Game seed: 2673171466791238458

82 Feetnoise the Ruffian (level 4, 0/45 HPs)
             Began as a Troll Berserker on July 5, 2019.
             Was a Believer of Trog.
             Succumbed to an adder's poison
             ... while paralysed
             ... on level 2 of the Dungeon.
             The game lasted 00:14:26 (1614 turns).

Feetnoise the Ruffian (Troll Berserker)             Turns: 1614, Time: 00:14:26

Health: 0/45       AC:  6    Str: 23 (26) XL:     4   Next: 21%
Magic:  3/3        EV:  1    Int:  0 (3)  God:    Trog [**....]
Gold:   50         SH:  0    Dex:  6 (9)  Spells: 3/3 levels left

rFire    . . .     SeeInvis .   e - +0 hand axe
rCold    . . .     Gourm    +   (no shield)
rNeg     . . .     Faith    .   a - +0 animal skin
rPois    .         Spirit   .   (helmet restricted)
rElec    .         Reflect  .   (no cloak)
rCorr    .         Harm     .   (gloves unavailable)
MR       +....                  (boots unavailable)
Stlth    +.........             (no amulet)
HPRegen  0.55/turn              c - ring of protection from magic
MPRegen  0.08/turn              (no ring)

@: paralysed, lethally poisoned (0 -> -1), slowed, lost intelligence
A: large, unfitting armour, claws 3, fast metabolism 3, gourmand, regeneration
1, shaggy fur 1, tough skin 3
a: Berserk, Trog's Hand, Renounce Religion


You were on level 2 of the Dungeon.
You worshipped Trog.
Trog was pleased with you.
You were not hungry.

You visited 1 branch of the dungeon, and saw 2 of its levels.

You collected 50 gold pieces.

Inventory:

Hand Weapons
 e - a +0 hand axe (weapon)
Armour
 a - a +0 animal skin (worn)
Jewellery
 c - a ring of protection from magic (left claw)
 i - a cursed ring of teleportation {unknown}
Scrolls
 h - 2 scrolls of amnesia {unknown}
 k - a scroll of remove curse {unknown}
 l - a scroll of enchant weapon {unknown}
 m - a scroll of blinking {unknown}
 n - a scroll of immolation {unknown}
 o - a scroll of fog {unknown}
Potions
 d - a potion of flight {unknown}
 g - a potion of cancellation {unknown}
 j - a potion of mutation {unknown}
Comestibles
 b - 5 rations


   Skills:
 + Level 3.0 Fighting
 + Level 1.2 Axes
 + Level 3.0 Dodging
 + Level 0.1 Stealth
 + Level 3.6 Unarmed Combat


You had 3 spell levels left.
You didn't know any spells.
Your spell library was empty.

Dungeon Overview and Level Annotations

Branches:
Dungeon (2/15)

Altars:


Innate Abilities, Weirdness & Mutations

You are too large for most types of armour.
You have claws for hands.
Your metabolism is lightning-fast.
You like to eat raw meat.
Your natural rate of healing is unusually fast.
You are covered in fur. (AC +1)
You have extremely tough skin. (AC +3)


Message History

You feel sick. The adder bites you but does no damage.
You barely miss the adder.
The adder is heavily wounded.
You feel sick. The adder bites you but does no damage.
The adder barely misses you.
You barely miss the adder.
The adder is heavily wounded.
You feel sick. The adder bites you.
* * * LOW HITPOINT WARNING * * *
The adder bites you.
* * * LOW HITPOINT WARNING * * *
It was a potion of degeneration.
There was something very wrong with that liquid.
You feel weakened.
You feel dopey.
You have lost your intelligence.
You feel clumsy. The adder bites you.
* * * LOW HITPOINT WARNING * * *
* * * LOW HITPOINT WARNING * * *
You feel sick. The adder bites you but does no damage.
You die...

###.....## #.##
.#.......## #รท.##
..........####...##
..........'.......#
..........####...##
.#.......#####..##
.##.....##.......#
.###..>###.###.#.#
.# ##'## #.# #.#@###
## #.# #.# #...S.#
#.# #.# ###.#.#
##.## #.# #.#.#
###...###.#####.#.#
##.......#.......#.#
.......#.#########.#
##..)..)...........#
#.....#.###########


You could see an adder.

Vanquished Creatures
  3 adders (D:2)
  An ooze (D:1)
  A worm (D:2)
  4 dart slugs
  10 goblins
  4 hobgoblins (D:1)
  A ball python (D:2)
  5 bats
  2 frilled lizards
  5 kobolds
  5 rats
41 creatures vanquished.

Notes
Turn   | Place    | Note
-------+----------+-------------------------------------------
     0 | D:1      | Feetnoise the Troll Berserker began the quest for the Orb.
     0 | D:1      | Reached XP level 1. HP: 22/22 MP: 0/0
   101 | D:1      | Reached XP level 2. HP: 29/29 MP: 1/1
   752 | D:1      | Reached XP level 3. HP: 36/36 MP: 2/2
   754 | D:1      | Reached ** piety under Trog
  1407 | D:2      | Reached skill level 1 in Axes
  1407 | D:2      | Reached XP level 4. HP: 37/44 MP: 3/3
  1612 | D:2      | Lost intelligence.
  1612 | D:2      | HP: 1/45 [adder (5)]
  1614 | D:2      | Succumbed to an adder's poison

Skill      XL: |  1  2  3  4 |
---------------+-------------+-----
Axes           | 1 |  1.2
Fighting       | 3 |  3.0
Dodging        | 3 |  3.0
Stealth        | |  0.1
Unarmed Combat | |  3.6

Action                   |  1- 3 |  4- 6 || total
-------------------------+-------+-------++-------
Melee: Unarmed           |    17 |       ||    17
       Hand axe          |    98 |    48 ||   146
       Punch             |     1 |     1 ||     2
  Use: Potion            |       |     1 ||     1
 Stab: Sleeping          |     2 |       ||     2
  Eat: Chunk             |    13 |     2 ||    15
Armor: Animal skin       |    58 |    24 ||    82
Dodge: Dodged            |    51 |    35 ||    86
